 Dungeon Crawl Stone Soup version 0.20-a0-2-g2b0e13a (webtiles) character file.

6152 Leszczynek the Gouger (level 10, 47/47 HPs)
             Began as a Felid Wanderer on Oct 29, 2016.
             Was a Believer of Nemelex Xobeh.
             Quit the game on level 12 of the Dungeon.
             The game lasted 01:32:06 (19741 turns).

Leszczynek the Gouger (Felid Wanderer)             Turns: 19741, Time: 01:32:07

Health: 47/47      AC:  2    Str:  8    XL:     10   Next: 59%
Magic:  16/16      EV: 27    Int: 15    God:    Nemelex Xobeh [**....]
Gold:   805        SH:  0    Dex: 20    Spells: 5 memorised, 0 levels left
                                        Lives:  1   Deaths: 2

rFire  . . .     SeeInvis +       - Unarmed
rCold  + . .     Gourm    .     (armour unavailable)
rNeg   . . .     Faith    .     (shield unavailable)
rPois  .         Spirit   .     (helmet unavailable)
rElec  .         Reflect  .     (cloak unavailable)
rCorr  .         Harm     .     (gloves unavailable)
MR     ++...                    (boots unavailable)
Stlth  ++++......               x - amulet of rage
                                (no ring)
                                G - ring of protection from cold

@: quick
A: no armour, no weapons or thrown items, stealth, claws 1, fangs 3, see
invisible, agile 1, carnivore 3, speed 1, magic resistance 1, shaggy fur 2, slow
metabolism 1, wild magic 1, sharp paws
a: Renounce Religion, Evoke Berserk Rage


You were on level 12 of the Dungeon.
You worshipped Nemelex Xobeh.
Nemelex Xobeh was pleased with you.
You were full.

You visited 1 branch of the dungeon, and saw 13 of its levels.

You collected 805 gold pieces.

Inventory:

Jewellery
 x - an amulet of rage (around neck)
 z - an uncursed ring of fire
 G - a ring of protection from cold (left paw)
Wands
 o - a wand of paralysis (3/24)
 q - a wand of confusion (30/48)
 y - a wand of digging (17/24)
 C - a wand of random effects (15/48)
Scrolls
 j - 3 scrolls of teleportation
 k - a scroll of fear
 l - 4 scrolls of remove curse
 u - 2 scrolls of fog
 v - 2 scrolls of immolation
 A - a scroll of blinking
Potions
 b - 7 potions of curing
 e - 3 potions of brilliance
 i - a potion of cancellation
 p - 2 potions of invisibility
 s - 2 potions of haste
 t - 6 potions of ambrosia
 w - a potion of lignification
Books
 a - a book of Spatial Translocations

   Spells                             Type                      Level
   a - Blink                          Translocation                2
   b - Shroud of Golubria             Charms/Translocation         2
   c - Lesser Beckoning               Translocation                3
   d - Portal Projectile              Translocation                3
   e - Teleport Other                 Translocation                3
   f - Passage of Golubria            Translocation                4
 c - the Guide on Confrontation

   Spells                             Type                      Level
   a - Throw Flame                    Conjuration/Fire             2
   b - Throw Frost                    Conjuration/Ice              2
Miscellaneous
 f - an ornate deck of destruction
 g - a plain deck of escape {drawn: 1}
 h - a plain deck of summoning
 m - a plain deck of destruction {drawn: 6}
 B - a plain deck of escape
 E - a plain deck of destruction {drawn: 3}
Comestibles
 d - 5 meat rations
 n - 10 slices of pizza
 r - 5 beef jerkies
 D - a royal jelly


   Skills:
 + Level 7.2 Fighting
 - Level 10.0 Dodging
 * Level 6.5 Stealth
 - Level 11.0 Unarmed Combat
 - Level 2.0 Spellcasting
 - Level 0.3 Conjurations
 - Level 4.6 Charms
 - Level 5.7 Translocations
 - Level 0.3 Fire Magic
 + Level 7.9 Invocations
 - Level 6.5 Evocations


You couldn't memorise any spells.
You knew the following spells:

 Your Spells              Type           Power        Failure   Level  Hunger
a - Throw Flame           Conj/Fire      #.....       43%         2    ###....
b - Teleport Other        Tloc           ###.....     14%         3    ###....
c - Shroud of Golubria    Chrm/Tloc      ###.......   8%          2    ###....
d - Passage of Golubria   Tloc           N/A          32%         4    #####..
L - Blink                 Tloc           N/A          6%          2    ###....


Dungeon Overview and Level Annotations

Branches:
Dungeon (13/15)            Temple (0/1) D:7            Lair (0/6) D:10
    Orc (0/2) D:12
 Vaults: D:13-14

Altars:
Dithmenos
Fedhas
Hepliaklqana
Nemelex Xobeh

Portals:
Trove: D:10 (give 14 potions of heal wounds)

Annotations:
D:8 exclusion: downstairs
D:9 water moccassin, DE mage, troll, centaur warrior, exclusions: deep elf mage, hippogriff, ice beast, two-headed ogre and wyvern
D:10 fire dragon in lower right, exclusions: 2 killer bees, manticore and 2 more exclusions
D:12 exclusions: downstairs, ugly thing and 1 more exclusion


Innate Abilities, Weirdness & Mutations

You cannot wear armour.
You are incapable of wielding weapons or throwing items.
Your paws allow you to move quietly. (Stealth)
You have sharp claws.
You have razor-sharp teeth.
You have supernaturally acute eyesight. (SInv)
You are carnivorous and can eat meat at any time.
You cover ground quickly.
You are covered in thick fur. (AC +2)
You have a slow metabolism.
Your sharp claws are effective at attacking unaware monsters.
You are agile. (Dex +2)
You are resistant to hostile enchantments. (MR+)
Your spells are a little harder to cast, but a little more powerful.


Message History

Level annotation: exclusions: ugly thing and 1 more exclusion You can no longer choose one out of three cards.
There is a stone staircase leading up here.
(D) Dungeon (T) Temple (L) Lair (O) Orcish Mines
Where to? (Enter - D:12, ? - help)
There is a stone staircase leading down here.
You climb downwards. 5 killer bees, an electric eel, a water elemental and a meliai come into view.
Found 21 gold pieces.
There is a stone staircase leading up here.
Unknown command.
The meliai buzzes angrily.
The killer bee buzzes angrily.
You climb upwards.
Level annotation: exclusions: ugly thing and 1 more exclusion
There is a stone staircase leading down here.
Press: ? - help, v - describe, . - travel A stone staircase leading down.
Placed new exclusion.
Reduced exclusion size to a single square.
Are you sure you want to abandon this character and quit the game? (Confirm with "yes".)

..........#......#..............#
..........#......#..............#
..........########..............#
#.......................#########
#.......................#
#.......................#
#.......................####+###
.....#+#####.......####.........
.....#.....#....@..# #..?......
.....#.(...'.......# #.........
.....#.....#.......# #.........
.....###...#.......####.........
###....#...######.......#+##....
#....'........#.......#..#...e
#....#........#.......#..#....#
#....#........#.......#..#....#
###)...###+####+#.......#..#....#


There were no monsters in sight!

Vanquished Creatures
  An unseen horror (D:11)
  3 hill giants
  The ghost of Tux the Grappler, a novice VSFi of Makhleb (D:8)
  A deep elf mage (D:12)
  A centaur skeleton (D:11)
  A hornet (D:8)
  A troll (D:10)
  Prince Ribbit (D:6)
  A two-headed ogre (D:9)
  5 hippogriffs
  Sigmund (D:2)
  Eustachio (D:6)
  3 hogs (D:7)
  3 wraiths
  5 yaks
  A human (D:7)
  A steam dragon (D:11)
  2 hungry ghosts
  A mottled dragon (D:11)
  A soldier ant (D:11)
  11 ice beasts
  2 orc warriors
  A slave (D:4)
  A black bear (D:8)
  An eye of draining (D:11)
  2 necrophages
  3 phantoms
  5 sky beasts
  2 ogres
  6 centaurs
  2 crocodiles
  A big kobold (D:10)
  A gnoll sergeant (D:6)
  7 bullfrogs
  3 scorpions
  A water moccasin skeleton (D:9)
  A howler monkey (D:10)
  8 crimson imps
  2 centaur zombies
  3 jellies
  A bullfrog zombie (D:6)
  A quasit (D:7)
  5 hounds
  Crazy Yiuf (D:4)
  6 orc priests
  A gnoll shaman (D:7)
  10 orc wizards
  3 iguanas
  Jessica (D:8)
  3 bullfrog skeletons
  13 worker ants
  A hound zombie (D:5)
  14 gnolls
  10 adders
  2 shadow imps
  4 oozes
  An adder zombie (D:9)
  An adder skeleton (D:10)
  A worm (D:2)
  2 dart slugs (D:2)
  11 leopard geckos
  46 orcs
  4 ball pythons
  4 bats (D:1)
  9 giant cockroaches
  6 goblins
  6 hobgoblins
  4 jackals (D:7)
  3 quokkas
  4 frilled lizards
  11 kobolds
  A quokka skeleton (D:4)
  A quokka zombie (D:7)
  5 rats
294 creatures vanquished.

Vanquished Creatures (collateral kills)
  Pikel (D:4)
1 creature vanquished.

Vanquished Creatures (others)
  A slave (D:4)
  A worker ant (D:4)
  A goblin (D:3)
  A hobgoblin (D:3)
4 creatures vanquished.

Grand Total: 299 creatures vanquished

Notes
Turn   | Place    | Note
-------+----------+-------------------------------------------
     0 | D:1      | Leszczynek the Felid Wanderer began the quest for the Orb.
     0 | D:1      | Leszczynek set off with: a book of Spatial Translocations, a potion of curing, the Guide on Confrontation, a meat ration
     0 | D:1      | Reached XP level 1. HP: 9/9 MP: 4/4
     0 | D:1      | Identified the Guide on Confrontation
     0 | D:1      | hmm
     0 | D:1      | no level 1 spell
     5 | D:1      | instead i get spatial transloc book
    26 | D:1      | Reached skill level 1 in Dodging
    66 | D:1      | Reached skill level 2 in Dodging
   123 | D:1      | Reached XP level 2. HP: 12/12 MP: 6/6
   138 | D:1      | Learned a level 2 spell: Throw Flame
   400 | D:1      | Learned a level 2 spell: Shroud of Golubria
   917 | D:2      | Reached XP level 3. HP: 13/15 MP: 7/7
  1161 | D:2      | Noticed Sigmund
  1321 | D:2      | Reached skill level 3 in Dodging
  1488 | D:2      | well fuck
  1491 | D:2      | Learned a level 2 spell: Blink
  1894 | D:3      | Reached skill level 3 in Unarmed Combat
  2436 | D:3      | Found a hazy altar of Hepliaklqana.
  2441 | D:3      | Reached XP level 4. HP: 19/19 MP: 8/8
  3437 | D:4      | Found a shadowy altar of Dithmenos.
  3567 | D:4      | Noticed a slave
  3746 | D:4      | Found a runed door.
  4050 | D:5      | Entered Level 5 of the Dungeon
  4098 | D:5      | Found a blossoming altar of Fedhas.
  4140 | D:5      | Noticed an ice beast
  4222 | D:5      | Reached skill level 4 in Unarmed Combat
  4229 | D:5      | Reached skill level 1 in Charms
  4229 | D:5      | Reached XP level 5. HP: 16/22 MP: 9/9
  4308 | D:5      | Noticed a centaur
  4465 | D:5      | Noticed a phantom
  4533 | D:5      | Gained mutation: You are agile. (Dex +2) [potion of mutation]
  4533 | D:5      | Gained mutation: You are resistant to hostile enchantments. (MR+) [potion of mutation]
  4533 | D:5      | Gained mutation: Your spells are a little harder to cast, but a little more powerful. [potion of mutation]
  4542 | D:5      | Noticed an ice beast
  5047 | D:5      | Reached skill level 2 in Charms
  5117 | D:5      | Noticed a centaur
  5120 | D:5      | Killed a centaur
  5120 | D:5      | Reached skill level 5 in Unarmed Combat
  5120 | D:5      | Gained mutation: You are covered in thick fur. (AC +2) [Felid growth]
  5120 | D:5      | Reached XP level 6. HP: 25/25 MP: 10/10
  5779 | D:6      | the casting success chance is 28%
  5779 | D:6      | and it failed 8 times out of 13
  5819 | D:6      | Reached skill level 3 in Charms
  5884 | D:6      | Noticed Eustachio
  5912 | D:6      | Killed Eustachio
  5912 | D:6      | Reached skill level 6 in Unarmed Combat
  5912 | D:6      | Reached skill level 2 in Translocations
  5912 | D:6      | Reached XP level 7. HP: 16/28 MP: 7/11
  6054 | D:6      | Reached skill level 3 in Translocations
  6115 | D:6      | Noticed Prince Ribbit
  6116 | D:6      | fuuuuuck
  6259 | D:6      | Reached skill level 7 in Unarmed Combat
  6433 | D:7      | Noticed a hungry ghost
  6445 | D:7      | Killed a hungry ghost
  6445 | D:7      | Reached skill level 4 in Dodging
  6445 | D:7      | Reached skill level 4 in Translocations
  6744 | D:7      | rod, and i'm playing a felid :/
  6758 | D:7      | Reached skill level 5 in Dodging
  6758 | D:7      | Reached skill level 5 in Translocations
  6821 | D:7      | Reached XP level 8. HP: 32/32 MP: 9/12
  6904 | D:8      | Noticed Tux's ghost (novice VSFi)
  7376 | D:8      | Reached skill level 6 in Dodging
  7381 | D:8      | Reached skill level 2 in Fighting
  7427 | D:8      | Noticed a hornet
  7447 | D:8      | Found a sparkling altar of Nemelex Xobeh.
  7447 | D:8      | Noticed Jessica
  7452 | D:8      | Killed Jessica
  7599 | D:8      | Became a worshipper of Nemelex Xobeh the Trickster
  7664 | D:8      | Received a gift from Nemelex Xobeh
  7692 | D:8      | Reached skill level 1 in Evocations
  7788 | D:8      | great
  7788 | D:8      | missed ossuary
  7788 | D:8      | fucking player ghost
  7788 | D:8      | thanks tux
  7840 | D:8      | Reached skill level 3 in Fighting
  7851 | D:8      | nooooope
  8001 | D:7      | Reached skill level 1 in Invocations
  8390 | D:9      | Received a gift from Nemelex Xobeh
  8427 | D:9      | Noticed a hippogriff
  8756 | D:2      | Killed Sigmund
  8756 | D:2      | Reached skill level 8 in Unarmed Combat
  8756 | D:2      | Reached skill level 2 in Invocations
  8867 | D:2      | Learned a level 4 spell: Passage of Golubria
  9345 | D:4      | Noticed Crazy Yiuf
  9349 | D:4      | Killed Crazy Yiuf
  9349 | D:4      | Reached XP level 9. HP: 39/39 MP: 10/13
  9475 | D:4      | Noticed Pikel
  9528 | D:4      | Killed Pikel
  9528 | D:4      | Reached skill level 4 in Fighting
  9528 | D:4      | Reached skill level 4 in Charms
  9528 | D:4      | Reached skill level 3 in Invocations
  9923 | D:5      | Reached skill level 4 in Invocations
  9924 | D:5      | Reached * piety under Nemelex Xobeh
 10232 | D:7      | Found a staircase to the Ecumenical Temple.
 10236 | D:7      | here it was
 10604 | D:7      | Reached skill level 5 in Invocations
 10616 | D:7      | Reached skill level 5 in Fighting
 11077 | D:7      | Received a gift from Nemelex Xobeh
 11247 | D:7      | i might have skilled wrong
 11247 | D:7      | oh well
 11289 | D:9      | Slain by a wraith
 11290 | D:9      | Reached XP level 8. HP: -4/37 MP: 7/12
 11337 | D:9      | Noticed a two-headed ogre
 11421 | D:9      | Reached skill level 7 in Dodging
 11762 | D:9      | Noticed a two-headed ogre
 11779 | D:9      | Killed a two-headed ogre
 11779 | D:9      | Reached XP level 9. HP: 21/40 MP: 12/14
 11879 | D:10     | Entered Level 10 of the Dungeon
 12505 | D:9      | Reached skill level 6 in Invocations
 12517 | D:9      | Noticed a deep elf mage
 12519 | D:9      | nope
 12524 | D:9      | Reached skill level 9 in Unarmed Combat
 12550 | D:9      | Noticed a centaur warrior
 12845 | D:9      | Noticed a troll
 13146 | D:8      | Reached skill level 8 in Dodging
 13207 | D:9      | oh
 13228 | D:8      | Killed Tux's ghost
 13650 | D:8      | Reached XP level 10. HP: 44/44 MP: 13/16
 13719 | D:9      | jesus fucking christ
 13853 | D:10     | Found a staircase to the Lair.
 13886 | D:10     | Reached skill level 10 in Unarmed Combat
 13886 | D:10     | Reached skill level 7 in Invocations
 13889 | D:10     | Noticed a red ugly thing
 13890 | D:10     | COME ON
 13890 | D:10     | :/
 13955 | D:10     | Received a gift from Nemelex Xobeh
 14071 | D:10     | Reached skill level 2 in Evocations
 14223 | D:10     | Noticed a hill giant
 14235 | D:10     | Killed a hill giant
 14235 | D:10     | Reached skill level 6 in Fighting
 14235 | D:10     | Reached skill level 3 in Evocations
 14259 | D:10     | wow, FIRST RING IN THE GAME
 14276 | D:10     | Reached skill level 4 in Evocations
 14379 | D:10     | Reached ** piety under Nemelex Xobeh
 14671 | D:10     | Reached skill level 5 in Evocations
 15066 | D:10     | Noticed a fire dragon
 15066 | D:10     | >>>>>>>>>>>>>..
 15066 | D:10     | noooooooope
 15105 | D:10     | Found a portal to a secret trove of treasure.
 15107 | D:10     | Noticed a manticore
 15276 | D:11     | Received a gift from Nemelex Xobeh
 15343 | D:11     | Noticed a hill giant
 15345 | D:11     | Reached skill level 6 in Evocations
 15501 | D:11     | Noticed an unseen horror
 15518 | D:11     | Killed an unseen horror
 15610 | D:11     | Reached XP level 11. HP: 49/49 MP: 17/17
 15640 | D:11     | Reached skill level 7 in Fighting
 15640 | D:11     | Reached skill level 9 in Dodging
 16171 | D:11     | Noticed a hill giant
 16190 | D:11     | Killed a hill giant
 16668 | D:11     | Killed a hill giant
 16892 | D:12     | Received a gift from Nemelex Xobeh
 16987 | D:12     | Noticed a red ugly thing
 17045 | D:12     | Noticed a deep elf mage
 17132 | D:12     | Killed a deep elf mage
 17223 | D:12     | Received a gift from Nemelex Xobeh
 17504 | D:12     | Reached *** piety under Nemelex Xobeh
 17646 | D:12     | Found a staircase to the Orcish Mines.
 17693 | D:12     | Reached skill level 11 in Unarmed Combat
 18127 | D:6      | Killed Prince Ribbit
 18127 | D:6      | Reached skill level 10 in Dodging
 18755 | D:7      | Reached skill level 6 in Stealth
 19329 | D:7      | Learned a level 3 spell: Teleport Other
 19589 | D:9      | Slain by a centaur warrior
 19590 | D:9      | Reached XP level 10. HP: -2/47 MP: 12/16
 19590 | D:9      | >27 ev
 19741 | D:12     | Quit the game

Vault maps used:
D:1:      saegor_arrival_simple_f, minmay_nonomino_d4
D:2:      minmay_liquid_box, kennysheep_nub, uniq_sigmund
D:3:      lemuel_round_altar, lemuel_old_faithful
D:4:      marbit_many_paths, uniq_crazy_yiuf_cottage, uniq_pikel
D:5:      first_bread, lemuel_tele_altar
D:6:      uniq_prince_ribbit1, uniq_eustachio
D:7:      grunt_livestock
D:8:      nicolae_ossuary_entry_false_entrances, nemelex_lonely_heart_becter
D:9:      hangedman_cross_veins, lemuel_coloured_pillars_altar
D:10:     dragon1_lemuel, lair_0_dummy, nicolae_trove_entry_free_sample
D:12:     orc_0_dummy
D:13:     minmay_orc_keep

Skill      XL: |  1  2  3  4  5  6  7  8  9 10 11 |
---------------+----------------------------------+-----
Dodging        | 2 3 5 7 8 10 | 10.0
Unarmed Combat | 3 4 5 6 7 8 9 10 11 | 11.0
Charms         | 1 2 3 4 |  4.6
Translocations | 2 5 |  5.7
Fighting       | 3 5 6 7 |  7.2
Evocations     | 1 6 |  6.5
Invocations    | 2 6 7 |  7.9
Stealth        | 6 |  6.5
Spellcasting   | |  2.0
Conjurations   | |  0.3
Fire Magic     | |  0.3

Action                   |  1- 3 |  4- 6 |  7- 9 | 10-12 || total
-------------------------+-------+-------+-------+-------++-------
Melee: Unarmed           |   126 |   111 |   499 |   519 ||  1255
       Bite              |     8 |     5 |    41 |    53 ||   107
       Punch             |     1 |     2 |    24 |    33 ||    60
 Cast: Shroud of Golubri |       |     6 |    84 |    63 ||   153
       Blink             |       |       |     2 |       ||     2
Invok: Triple Draw       |       |       |       |     1 ||     1
 Abil: Evoke Berserk Rag |       |       |       |     2 ||     2
Evoke: Wand              |       |       |     4 |    12 ||    16
       Deck              |       |       |    16 |     2 ||    18
  Use: Scroll            |       |    13 |     7 |     5 ||    25
       Potion            |       |     3 |     4 |     1 ||     8
 Stab: Sleeping          |     8 |    12 |    20 |     9 ||    49
       Distracted        |     2 |     1 |       |     4 ||     7
       Paralysed         |       |       |     4 |     1 ||     5
       Confused          |       |       |       |     9 ||     9
  Eat: Chunk             |    10 |     6 |    34 |    20 ||    70
       Pizza             |       |       |     1 |       ||     1
Armor: Skin              |     7 |     3 |    26 |    14 ||    50
Dodge: Dodged            |    72 |    76 |   366 |   421 ||   935
